 Dungeon Crawl Stone Soup version 0.30.1-11-g7821555f0a (webtiles) character file.

Game seed: 4929608248769186696

310 lonewolfV2 the Trooper (level 6, -8/40 HPs)
             Began as a Gargoyle Fighter on Nov 2, 2023.
             Killed from afar by a white imp (12 damage)
             ... with a puff of frost
             ... summoned by Eustachio
             ... on level 5 of the Dungeon.
             The game lasted 00:07:26 (3634 turns).

lonewolfV2 the Trooper (Gargoyle Fighter)           Turns: 3634, Time: 00:07:26

Health: -8/40      AC: 13    Str: 19      XL:     6   Next: 41%
Magic:  6/6        EV:  9    Int:  9      God:
Gold:   27         SH:  5    Dex: 10 (11) Spells: 5/5 levels left

rFire   . . .        a - +0 war axe
rCold   . . .        c - +1 buckler
rNeg    + . .        b - +0 scale mail
rPois   ∞            (no helmet)
rElec   +            (no cloak)
rCorr   .            (no gloves)
SInv    .            v - +1 pair of boots {rampage}
Will    .....        (no amulet) Stlth
                     t - ring of flight
HPRegen 0.26/turn    (no ring)
MPRegen 0.10/turn

%: rampage
@: flying
A: sickness immunity, AC +4, negative energy resistance 1, electricity
resistance, torment resistance 1, petrification resistance
a: no special abilities


You were on level 5 of the Dungeon.
You visited 2 branches of the dungeon, and saw 6 of its levels.

You collected 244 gold pieces.
You spent 217 gold pieces at shops.

Inventory:

Hand Weapons
 a - a +0 war axe (weapon)
Armour
 b - a +0 scale mail (worn)
 c - a +1 buckler (worn)
 n - a +0 pair of boots
 v - a +1 pair of boots of rampaging (worn)
Jewellery
 t - a ring of flight (left hand)
Wands
 e - a wand of acid (4) (quivered)
Scrolls
 o - 2 scrolls of poison
 q - a scroll of noise
 r - a scroll of fog
Potions
 d - 7 potions of might
 f - a potion of flight
 g - a potion of attraction
 h - a potion of haste
 i - a potion of magic {unknown}
 j - 2 potions of curing
 k - 2 potions of resistance
 l - a potion of heal wounds
 m - a potion of degeneration {unknown}
 p - a potion of brilliance {unknown}
 s - a potion of lignification {unknown}


   Skills:
 + Level 5.1 Fighting
 * Level 5.0 Axes
 - Level 3.2 Armour
 - Level 3.2 Shields


You had 5 spell levels left.
You didn't know any spells.
Your spell library contained the following spells:

 Spells                   Type           Power      Damage    Failure   Level
 Apportation              Tloc           0%         N/A       83%         1
 Necrotise                Necr           0%         1d4       83%         1
 Summon Small Mammal      Summ           0%         N/A       83%         1
 Dazzling Flash           Conj/Hex       0%         N/A       99%         3
 Volatile Blastmotes      Fire/Tloc      0%         2d10      99%         3
 Iskenderun's Mystic Bla  Conj/Tloc      0%         2d3       100%        4
 Starburst                Conj/Fire      0%         6d3       100%        6


Dungeon Overview and Level Annotations

Branches:
Dungeon (5/15)             Temple (1/1) D:4

Altars:
Ashenzari
Cheibriados
Dithmenos
Fedhas
Gozag
Hepliaklqana
Kikubaaqudgha
Nemelex Xobeh
Okawaru
Ru
Trog
Uskayaw
Wu Jian
Xom
Yredelemnul
Zin

Shops:
D:4 *

Annotations:
D:5 Eustachio


Innate Abilities, Weirdness & Mutations

You are immune to sickness and miasma.
Your stone body is resilient. (AC +4)
You are immune to poison.
You resist negative energy. (rN+)
You are resistant to electric shocks. (rElec)
You are resistant to unholy torment.
You are immune to petrification.


Message History

Eustachio hits you with a +4 rapier of speed.
You block the bat's attack. Eustachio closely misses you.
The river rat barely misses you.
You hit Eustachio but do no damage.
Eustachio is severely wounded.
You closely miss the river rat. You closely miss the bat.
You block the bat's attack.
The crimson imp blinks!
Eustachio casts a spell.
The river rat barely misses you.
The quasit bites you but does no damage.
The quasit barely misses you.
The quasit claws you but does no damage.
You slash Eustachio!
Eustachio is almost dead.
You barely miss the river rat. You hit the quasit but do no damage.
You miss the bat.
The bat closely misses you. x2; The bat barely misses you.
Eustachio hits you but does no damage.
The quasit bites you but does no damage.
The quasit claws you but does no damage.
The quasit barely misses you.
The river rat bites you but does no damage.
Eustachio hits you with a +4 rapier of speed.
You barely miss Eustachio.
Eustachio is almost dead.
You miss the quasit. You hit the bat.
You kill the bat!
The bat's corpse disappears in a puff of smoke!
You hit the river rat. You closely miss the white imp.
The quasit bites you but does no damage.
The quasit claws you but does no damage. x2
Eustachio hits you but does no damage. You block the river rat's attack.
The quasit bites you but does no damage.
The quasit claws you. x2
You feel clumsy.
Eustachio hits you with a +4 rapier of speed!
* * * LOW HITPOINT WARNING * * *
The crimson imp blinks!
The white imp gestures at you. The puff of frost hits you!
You die...

#........##....#..
###....#.##.......
#....#..#....#
##..#..).#....#
....#.........#
#........#....5###
##.....###........
##....##r5@.#....
#......).@rb.###.
##...##.!§5......
##.. #.§.####..#
#....# ..# ......#
.# ..#.#.##
#.####.# ## ##


You could see Eustachio, a quasit (summoned), a crimson imp (summoned), a river
rat (summoned), a white imp (summoned), a quokka (summoned) and a bat
(summoned).

Vanquished Creatures
  2 hounds
  A gnoll bouda (D:5)
  Crazy Yiuf (D:2)
  2 orc wizards (D:3)
  3 gnolls (D:5)
  2 adders (D:4)
  5 worms
  4 dart slugs
  5 orcs
  5 endoplasms
  3 giant cockroaches
  7 goblins
  9 hobgoblins
  7 kobolds
  5 quokkas
  2 ball pythons
  4 bats
  3 frilled lizards
  5 rats
75 creatures vanquished.

Notes
Turn   | Place    | Note
-------+----------+-------------------------------------------
     0 | D:1      | lonewolfV2 the Gargoyle Fighter began the quest for the
                  | Orb.
     0 | D:1      | Reached XP level 1. HP: 14/14 MP: 1/1
   159 | D:1      | Reached XP level 2. HP: 12/19 MP: 2/2
   642 | D:1      | Reached XP level 3. HP: 24/24 MP: 3/3
   783 | D:2      | Found a faded altar of an unknown god.
   959 | D:2      | Reached XP level 4. HP: 13/29 MP: 4/4
  1264 | D:2      | Found a runed translucent door.
  1265 | D:2      | Noticed Crazy Yiuf
  1541 | D:2      | Killed Crazy Yiuf
  1769 | D:3      | Reached XP level 5. HP: 12/34 MP: 5/5
  2644 | D:4      | Found an opulent altar of Gozag.
  2688 | D:4      | Found a staircase to the Ecumenical Temple.
  2714 | Temple   | Entered the Ecumenical Temple
  3064 | D:4      | Found Foxzij's Assorted Antiques.
  3072 | D:4      | Bought a pair of runed boots for 217 gold pieces
  3398 | D:5      | Entered Level 5 of the Dungeon
  3413 | D:5      | Reached XP level 6. HP: 32/40 MP: 6/6
  3426 | D:5      | Reached skill level 5 in Fighting
  3575 | D:5      | Reached skill level 5 in Axes
  3592 | D:5      | Noticed Eustachio
  3634 | D:5      | Killed from afar by a white imp

Illustrated notes

Levels and vault maps discovered:
D:1:      ldierk_walled_garden, layout_basic, grunt_decor_arrowhead
D:2:      layout_loops_ring, hellmonk_ecumenical_altar_lost_god,
          minmay_nonomino_d4, uniq_crazy_yiuf_cottage
D:3:      layout_basic
D:4:      layout_basic, old_standard_altar,
          minmay_temple_entry_drinking_statues, serial_shops, shop
D:5:      layout_cave_pools, old_standard_altar, kennysheep_mini, uniq_eustachio
Temple:   eino_wide_crystal_templ

Skill      XL: |  1  2  3  4  5  6 |
---------------+-------------------+-----
Axes           | 2 3 4 5 |  5.0
Fighting       | 4 5 |  5.1
Armour         | |  3.2
Shields        | |  3.2

Action                     |  1- 3 |  4- 6 || total
---------------------------+-------+-------++-------
  Melee: War axe           |   112 |   189 ||   301
  Evoke: Wand              |       |     2 ||     2
    Use: Scroll            |     6 |     7 ||    13
 Armour: Scale mail        |    57 |   161 ||   218
  Dodge: Dodged            |    61 |   121 ||   182
  Block: Buckler           |    40 |    70 ||   110
